 Dungeon Crawl Stone Soup version 0.28-a0-1199-gef9e1dbd39 (webtiles) character file.

Game seed: 9711909655693827947

168 Fortus the Cudgeller (level 5, -8/55 HPs)
             Began as an Ogre Gladiator on Dec 19, 2021.
             Mangled by a gnoll (14 damage)
             ... on level 4 of the Dungeon.
             The game lasted 00:04:58 (3370 turns).

Fortus the Cudgeller (Ogre Gladiator)               Turns: 3370, Time: 00:04:59

Health: -8/55      AC:  3    Str: 26    XL:     5   Next: 49%
Magic:  5/5        EV: 10    Int:  9    God:
Gold:   120        SH:  5    Dex: 10    Spells: 4/4 levels left

rFire   . . .      SeeInvis .   a - +0 flail
rCold   . . .      Faith    .   (no shield)
rNeg    . . .      Spirit   .   b - +0 robe
rPois   .          Reflect  +   c - +0 hat
rElec   .          Harm     .   (no cloak)
rCorr   .          Rampage  .   (gloves unavailable)
Will    .....                   (boots unavailable)
Stlth   +.........              i - amulet of reflection
HPRegen 0.18/turn               e - +6 ring of strength
MPRegen 0.09/turn               (no ring)

@: no status effects
A: large, unfitting armour, tough skin 1
a: no special abilities


You were on level 4 of the Dungeon.
You visited 1 branch of the dungeon, and saw 4 of its levels.

You collected 142 gold pieces.
You spent 22 gold pieces at shops.

Inventory:

Hand Weapons
 a - a +0 flail (weapon)
 d - a +0 giant club
Armour
 b - a +0 robe (worn)
 c - a +0 hat (worn)
Jewellery
 e - a +6 ring of strength (left hand)
 f - an amulet of faith
 i - an amulet of reflection (around neck)
 l - a ring of magical power
Scrolls
 g - 3 scrolls of identify
 h - 4 scrolls of enchant weapon {unknown}
 j - 2 scrolls of vulnerability {unknown}
 m - a scroll of immolation {unknown}
 n - a scroll of summoning {unknown}
 o - a scroll of teleportation {unknown}
Potions
 k - a potion of invisibility {unknown}


   Skills:
 + Level 4.7 Fighting
 * Level 4.7 Maces & Flails
 - Level 2.0 Throwing
 - Level 2.6 Dodging


You had 4 spell levels left.
You didn't know any spells.
Your spell library contained the following spells:

 Spells                   Type           Power      Damage    Failure   Level
 Sandblast                Erth           0%         2d4       38%         1
 Passwall                 Tmut/Erth      0%         N/A       52%         2
 Stone Arrow              Conj/Erth      0%         3d7       77%         3


Dungeon Overview and Level Annotations

Branches:
Dungeon (4/15)
 Temple: D:4-7

Altars:

Shops:
D:2 =?

Annotations:
D:4 Edmund


Innate Abilities, Weirdness & Mutations

You are too large for most types of armour.
You have tough skin. (AC +1)


Message History

There is a stone staircase leading up here.
Press: ? - help, v - describe, . - travel
Here: a kobold, wielding a +0 short sword and quivering stones The floor.
a - a +0 flail (weapon)
Press: ? - help, v - describe, . - travel The floor.
The gnoll shaman calls upon its god to speed up the gnoll.
The gnoll seems to speed up.
The gnoll throws a throwing net.
The throwing net hits you.
You become entangled in the net!
You see here a throwing net.
You struggle against the net.
The gnoll hits you from afar with a +0 halberd!
A gnoll comes into view. It is wielding a +0 spear.
You struggle against the net.
The gnoll barely misses you.
You shred the net and break free!
The gnoll hits you from afar with a +0 halberd.
The gnoll hits you with a +0 whip. The gnoll misses you.
You open the door. The gnoll closely misses you.
The gnoll hits you from afar with a +0 halberd.
You block the gnoll's attack. The gnoll hits you with a +0 flail!
Edmund the Younger comes into view.
He is wielding a +4 vorpal dire flail.
Found two escape hatches in the floor.
Edmund shouts!
You sock the gnoll!
The gnoll is almost dead.
The kobold throws a stone.
The stone hits you but does no damage. The gnoll misses you.
The gnoll barely misses you. The gnoll hits you with a +0 whip.
* * * LOW HITPOINT WARNING * * *
The gnoll hits you with a +0 flail!
* * * LOW HITPOINT WARNING * * *
A dart slug comes into view.
You hit the gnoll but do no damage.
The gnoll is almost dead.
The gnoll barely misses you.
The kobold throws a stone.
The stone hits you.
* * * LOW HITPOINT WARNING * * *
The gnoll barely misses you. The gnoll hits you with a +0 flail!
You die...

>.# .. ##. ####
#.. ... #.g? .>
#...##. #..K#g#
###.gg.@#####
w@...ggg....#..
)......<.......
...............
###...#######..
#... . #...
..... #.#..


You could see Edmund, a gnoll shaman, 5 gnolls, a dart slug and a kobold.

Vanquished Creatures
  An ogre (D:3)
  3 adders
  A worm (D:2)
  A dart slug (D:1)
  4 orcs (D:3)
  6 ball pythons
  5 bats
  5 giant cockroaches
  4 goblins
  5 hobgoblins
  7 kobolds
  A quokka (D:1)
  2 frilled lizards
  2 rats
47 creatures vanquished.

Notes
Turn   | Place    | Note
-------+----------+-------------------------------------------
     0 | D:1      | Fortus the Ogre Gladiator began the quest for the Orb.
     0 | D:1      | Reached XP level 1. HP: 22/22 MP: 1/1
   329 | D:1      | Reached XP level 2. HP: 31/31 MP: 2/2
  1309 | D:2      | Found Desupn's Magic Scroll Emporium.
  1324 | D:2      | Reached XP level 3. HP: 34/37 MP: 3/3
  1357 | D:2      | Bought a scroll of identify for 22 gold pieces
  1967 | D:2      | Found Gic Zoadd's Jewellery Emporium.
  2068 | D:2      | Reached XP level 4. HP: 48/48 MP: 4/4
  2097 | D:2      | Found a faded altar of an unknown god.
  2962 | D:3      | Noticed an ogre
  2972 | D:3      | Killed an ogre
  2973 | D:3      | Reached XP level 5. HP: 55/55 MP: 5/5
  3368 | D:4      | Noticed Edmund
  3370 | D:4      | Mangled by a gnoll

Illustrated notes

Levels and vault maps discovered:
D:1:      dpeg_arrival_solitude, layout_basic
D:2:      layout_basic, basic_ecumenical_altar, serial_shops, shop,
          nicolae_shop_advertising_works [nicolae_subvault_shop_adworks]
D:3:      layout_loops_cross, st_stairs_11, chequers_serial_rivers_small_b
D:4:      layout_loops_cross, nicolae_ossuary_entry_false_entrances,
          grunt_ministairs_14, uniq_robin, uniq_eustachio, uniq_edmund

Skill      XL: |  1  2  3  4 |
---------------+-------------+-----
Fighting       | 3 4 |  4.7
Maces & Flails | 3 4 |  4.7
Throwing       | |  2.0
Dodging        | |  2.6

Action                   |  1- 3 |  4- 6 || total
-------------------------+-------+-------++-------
Melee: Flail             |    88 |    45 ||   133
Throw: Throwing net      |     5 |     1 ||     6
Armor: Robe              |    19 |     7 ||    26
Dodge: Dodged            |    46 |    26 ||    72
Block: Other             |    10 |     9 ||    19

Table legend: (Time is in decaauts)
 A = Elapsed time spent in this place.
 B = Non-inter-level travel time spent in this place.
 C = Inter-level travel time spent in this place.
 D = Time resting spent in this place.
 E = Time spent auto-exploring this place.
 F = Levels seen in this place.
 G = Mean time per level.
                   A        B        C        D        E       F      G
               +--------+--------+--------+--------+--------+-----+--------+
         Total |   3398 |   3368 |     30 |    535 |   2462 |   4 |  849.5 |
       Dungeon |   3398 |   3368 |     30 |    535 |   2462 |   4 |  849.5 |
               +--------+--------+--------+--------+--------+-----+--------+

Top non-repeatable levels by time:
     D:1: 1257 daAuts
     D:2: 1103 daAuts
     D:3: 1029 daAuts
     D:4: 8 daAuts
